 Seeded DCSS version 0.29.1-15-g9cfb28693d (webtiles) character file.

Game seed: 9529714651559989746 (custom seed)

10 Psyclone the Firebug (level 2, 15/15 HPs)
             Began as a Deep Elf Fire Elementalist on Sept 21, 2023.
             Quit the game on level 1 of the Dungeon.
             The game lasted 00:00:56 (238 turns).

Psyclone the Firebug (Deep Elf Fire Elementalist)    Turns: 238, Time: 00:00:56

Health: 15/15      AC:  2    Str:  5    XL:     2   Next: 10%
Magic:  6/8        EV: 12    Int: 19    God:
Gold:   0          SH:  0    Dex: 15    Spells: 6/7 levels left

rFire   . . .      SeeInvis .   (no weapon)
rCold   . . .      Faith    .   (no shield)
rNeg    . . .      Spirit   .   a - +0 robe
rPois   .          Reflect  .   (no helmet)
rElec   .          Harm     .   (no cloak)
rCorr   .          Rampage  .   (no gloves)
Will    .....                   (no boots)
Stlth   ++........              (no amulet)
HPRegen 0.05/turn               (no ring)
MPRegen 0.11/turn               (no ring)

@: no status effects
A: no striking features
a: no special abilities


You were on level 1 of the Dungeon.
You visited 1 branch of the dungeon, and saw 1 of its levels.

Inventory:

Armour
 a - a +0 robe (worn)
Potions
 b - a potion of magic


   Skills:
 - Level 2.4 Dodging
 - Level 2.4 Stealth
 - Level 3.0 Spellcasting
 - Level 1.1 Conjurations
 + Level 4.0 Fire Magic


You had 6 spell levels left.
You knew the following spells:

 Your Spells              Type           Power      Damage    Failure   Level
a - Foxfire               Conj/Fire      48%        2x1d6     5%          1

Your spell library contained the following spells:

 Spells                   Type           Power      Damage    Failure   Level
 Scorch                   Fire           36%        2d6       4%          2
 Conjure Flame            Conj/Fire      12%        6-21      16%         3
 Inner Flame              Hex/Fire       10%        N/A       21%         3
 Flame Wave               Conj/Fire      12%        2d6       45%         4


Dungeon Overview and Level Annotations

Branches:
Dungeon (1/15) Zot: 5762

Altars:


Message History

MP restored: 6 A bat comes into view.
The bat moves out of view.
Casting: Foxfire (safe; 5% risk of failure)
Confirm with . or Enter, or press ? or * to list all spells.
You conjure some foxfire!
You now have 5/6 mp.
The foxfire hits the bat.
The bat is severely wounded.
The foxfire hits the bat.
You kill the bat!
Your Fire Magic skill increases to level 4!
You have reached level 2!
Health restored: 15 A ball python comes into view.
You open the door.
A ball python comes into view.
Found a tourmaline ring.
Found 3 scrolls labelled CIAPHO AJOLYPH.
There is an open door here.
Casting: Foxfire (safe; 5% risk of failure)
Confirm with . or Enter, or press ? or * to list all spells.
You conjure some foxfire!
The ball python hisses angrily.
You now have 6/8 mp.
The foxfire hits the ball python.
You kill the ball python!
Casting: Foxfire (safe; 5% risk of failure)
Confirm with . or Enter, or press ? or * to list all spells.
You conjure some foxfire!
Your foxfire dissipates!
You now have 5/8 mp.
The foxfire hits the ball python.
You kill the ball python!
Your foxfire dissipates!
c - 3 scrolls labelled CIAPHO AJOLYPH This is a scroll of acquirement!
Something appears at your feet!
You see here a book of Conjurations.
Something appears at your feet! Something appears at your feet!
Are you sure you want to abandon this character and quit the game? (Confirm with "yes".)

..... >....# .....#
.....# ######## .....##
#......# ...8..########
#@....=# ...†.........#
#......#
####.......#####......#
...............'......+
...........#####......#
.†..?...........#######
................
#######+##.....†
........ .......


There were no monsters in sight!

Vanquished Creatures
  A bat (D:1)
  A goblin (D:1)
  2 hobgoblins (D:1)
  A quokka (D:1)
  2 ball pythons (D:1)
  A frilled lizard (D:1)
  2 rats (D:1)
10 creatures vanquished.

Vanquished Creatures (others)
  26 foxfires (D:1)
26 creatures vanquished.

Grand Total: 36 creatures vanquished

Notes
Turn   | Place    | Note
-------+----------+-------------------------------------------
     0 | D:1      | Psyclone the Deep Elf Fire Elementalist began the quest for
                  | the Orb.
     0 | D:1      | Reached XP level 1. HP: 10/10 MP: 6/6
   214 | D:1      | Reached skill level 4 in Fire Magic
   214 | D:1      | Reached XP level 2. HP: 15/15 MP: 6/8
   235 | D:1      | Identified 3 scrolls of acquirement
   235 | D:1      | Acquired a ring of magical power
   236 | D:1      | Acquired a book of Conjurations
   237 | D:1      | Acquired the ring "Oppus" {rC+ Dex+6 Slay+2}
   238 | D:1      | Quit the game

Illustrated notes

Levels and vault maps discovered:
D:1:      minmay_arrival_four_circles, layout_basic, serial_shops,
          nicolae_shop_trees, nicolae_eternal_life, st_stairs_1,
          minmay_small_reverse_x

Skill      XL: |  1 |
---------------+----+-----
Fire Magic     | 4 |  4.0
Dodging        | |  2.4
Stealth        | |  2.4
Spellcasting   | |  3.0
Conjurations   | |  1.1

Action                   || total
-------------------------++-------
 Cast: Foxfire           ||    14
  Use: Scroll            ||     3
Dodge: Dodged            ||     4
